 Dungeon Crawl Stone Soup version 0.28.0-1-gb440e238dd (webtiles) character file.

Game seed: 4996095587605968379

23 Akaron the Grasshopper (level 2, -2/29 HPs)
             Began as an Ogre Warper on Feb 20, 2022.
             Slain by a worm (7 damage)
             ... on level 2 of the Dungeon.
             The game lasted 00:01:54 (1225 turns).

Akaron the Grasshopper (Ogre Warper)                Turns: 1225, Time: 00:01:55

Health: -2/29      AC:  3    Str: 14    XL:     2   Next: 95%
Magic:  5/5        EV:  9    Int: 14    God:
Gold:   46         SH:  0    Dex:  8    Spells: 3/5 levels left

rFire   + . .      SeeInvis .   a - +0 mace
rCold   + . .      Faith    .   (no shield)
rNeg    . . .      Spirit   .   b - +0 robe
rPois   .          Reflect  .   (helmet restricted)
rElec   .          Harm     .   i - scarf {rC+ rF+}
rCorr   .          Rampage  .   (gloves unavailable)
Will    .....                   (boots unavailable)
Stlth   +.........              (no amulet)
HPRegen 0.09/turn               (no ring)
MPRegen 0.09/turn               (no ring)

@: no status effects
A: large, unfitting armour, tough skin 1
a: no special abilities


You were on level 2 of the Dungeon.
You visited 1 branch of the dungeon, and saw 2 of its levels.

You collected 46 gold pieces.

Inventory:

Hand Weapons
 a - a +0 mace (weapon)
Missiles
 d - 5 boomerangs of dispersal (quivered)
Armour
 b - a +0 robe (worn)
 f - a +0 cloak
 i - a scarf of resistance (worn)
Scrolls
 c - a scroll of blinking
 e - a scroll of identify {unknown}
 g - a scroll of enchant armour {unknown}
Potions
 h - a potion of degeneration {unknown}
 j - a potion of mutation {unknown}


   Skills:
 + Level 2.6 Fighting
 + Level 2.1 Maces & Flails
 + Level 1.0 Throwing
 + Level 2.2 Dodging
 + Level 0.3 Stealth
 + Level 2.4 Spellcasting
 + Level 3.2 Translocations


You had 3 spell levels left.
You knew the following spells:

 Your Spells              Type           Power      Damage    Failure   Level
a - Blink                 Tloc           20%        N/A       9%          2

Your spell library contained the following spells:

 Spells                   Type           Power      Damage    Failure   Level
 Gell's Gravitas          Tloc           10%        N/A       19%         3
 Lesser Beckoning         Tloc           10%        N/A       19%         3
 Teleport Other           Tloc           10%        N/A       19%         3
 Manifold Assault         Tloc           10%        N/A       86%         5


Dungeon Overview and Level Annotations

Branches:
Dungeon (2/15)

Altars:


Innate Abilities, Weirdness & Mutations

You are too large for most types of armour.
You have tough skin. (AC +1)


Message History

HP restored.
There is a stone staircase leading up here.
A worm comes into view.
Found a scroll labelled SELLEK UVOERIRGH.
The worm bites you but does no damage.
You hit the worm.
The worm is lightly wounded.
You hit the worm but do no damage.
The worm is lightly wounded.
The worm bites you but does no damage.
You hit the worm.
The worm is lightly wounded.
The worm bites you.
You barely miss the worm. The worm bites you!
You hit the worm.
The worm is moderately wounded.
You thump the worm!
The worm is heavily wounded.
The worm closely misses you.
You hit the worm.
The worm is severely wounded.
The worm bites you.
You are too injured to fight recklessly!
You are too injured to fight recklessly!
You are too injured to fight recklessly!
You are too injured to fight recklessly!
You are too injured to fight recklessly!
You hit the worm but do no damage.
The worm is severely wounded.
The worm bites you.
* * * LOW HITPOINT WARNING * * *
You hit the worm but do no damage.
The worm is heavily wounded.
The worm barely misses you.
You hit the worm.
The worm is severely wounded.
You hit the worm but do no damage.
The worm is severely wounded.
The worm bites you!
You die...

#.# ##.#
#..# #<##
.# ######.#
...#......#
#.?......#
##.......#
##.>.@..#
#...w.....#
#......####
#........
#......###
.......#
..##.####
#.# #.


You could see a worm.

Vanquished Creatures
  An adder (D:2)
  An endoplasm (D:1)
  5 goblins (D:1)
  2 kobolds (D:1)
  2 bats (D:1)
  2 frilled lizards (D:1)
  A rat (D:1)
14 creatures vanquished.

Vanquished Creatures (others)
  A plant (D:2)
  3 withered plants (D:2)
4 creatures vanquished.

Grand Total: 18 creatures vanquished

Notes
Turn   | Place    | Note
-------+----------+-------------------------------------------
     0 | D:1      | Akaron the Ogre Warper began the quest for the Orb.
     0 | D:1      | Reached XP level 1. HP: 22/22 MP: 3/3
   660 | D:1      | Reached XP level 2. HP: 19/29 MP: 5/5
   806 | D:1      | Learned a level 2 spell: Blink
  1149 | D:2      | Reached skill level 3 in Translocations
  1225 | D:2      | Slain by a worm

Illustrated notes

Levels and vault maps discovered:
D:1:      lemuel_arrival_room, layout_basic, serial_bayou_lagoon_b
D:2:      layout_rooms, shapermc_ecumenical_altar_flowoftime, corexii_shack,
          uniq_natasha

Skill      XL: |  1  2 |
---------------+-------+-----
Maces & Flails | 2 |  2.1
Translocations | 3 |  3.2
Fighting       | |  2.6
Throwing       | |  1.0
Dodging        | |  2.2
Stealth        | |  0.3
Spellcasting   | |  2.4

Action                   || total
-------------------------++-------
Melee: Mace              ||    63
       Punch             ||     1
 Stab: Sleeping          ||     1
Armor: Robe              ||    32
Dodge: Dodged            ||    39
